 Dungeon Crawl Stone Soup version 0.21-a0-264-g3e31e41 (webtiles) character file.

125671 JackS81 the Cruncher (level 16, -15/130 HPs)
             Began as a Demonspawn Berserker on Sept 9, 2017.
             Was a High Priest of Trog.
             Killed from afar by Nikola (36 damage)
             ... with a chain lightning
             ... on level 1 of the Snake Pit on Sept 10, 2017.
             The game lasted 03:27:21 (25584 turns).

JackS81 the Cruncher (Demonspawn Berserker)        Turns: 25584, Time: 03:27:22

Health: -15/130    AC: 15    Str: 25    XL:     16   Next: 42%
Magic:  13/16      EV: 12    Int:  9    God:    Trog [*****.]
Gold:   1637       SH:  0    Dex: 15    Spells: 15/15 levels left

rFire    . . .     SeeInvis .   N - +2 arbalest (freeze)
rCold    + . .     Gourm    .   (shield currently unavailable)
rNeg     + . .     Faith    .   M - +2 ring mail "Liuvuc" {rPois rN+ MR+ MP-9}
rPois    +         Spirit   .   u - +2 helmet
rElec    .         Reflect  .   X - scarf {repulsion}
rCorr    +         Harm     .   (no gloves)
MR       ++...                  (boots unavailable)
Stlth    ..........             Z - amulet of regeneration
HPRegen  0.71/turn              v - ring "Qomp" {rPois Dex+3 Slay+3 Stlth-}
MPRegen  0.15/turn              W - ring of resist corrosion

@: studying Shields, repel missiles
A: hooves 3, yellow scales 2, cold resistance 1, demonic guardian 2
a: Berserk, Trog's Hand, Brothers in Arms, Burn Spellbooks, Renounce Religion


You were on level 1 of the Snake Pit.
You worshipped Trog.
Trog was extremely pleased with you.
You were not hungry.

You visited 4 branches of the dungeon, and saw 24 of its levels.
You also visited: Labyrinth, Sewer and Ossuary.

You collected 2696 gold pieces.
You spent 1059 gold pieces at shops.

Inventory:

Hand Weapons
 a - a +6 great mace of protection
 r - a +6 antimagic great mace
 C - a +7 quarterstaff of chaos
 N - a +2 arbalest of freezing (weapon)
Missiles
 A - 339 bolts (quivered)
Armour
 i - the +1 pair of gloves "Cutorhus" {-Cast rPois rF+ Str+2}
   (You bought it in a shop on level 11 of the Dungeon)

   It affects your strength (+2).
   It protects you from fire.
   It protects you from poison.
   It prevents spellcasting.
 u - a +2 helmet (worn)
 M - the +2 ring mail "Liuvuc" (worn) {rPois rN+ MR+ MP-9}
   (You found it on level 5 of the Dungeon)

   It protects you from poison.
   It protects you from negative energy.
   It affects your resistance to hostile enchantments.
   It affects your magic capacity (-9).
 V - the +1 pair of gloves of the Tundras {rElec rC+ Str-3 Int+5}
   (You found it on level 2 of the Lair of Beasts)

   It affects your strength (-3).
   It affects your intelligence (+5).
   It protects you from cold.
   It insulates you from electricity.
 X - a scarf of repulsion (worn)
Jewellery
 v - the ring "Qomp" (left hand) {rPois Dex+3 Slay+3 Stlth-}
   (You took it off an orc on level 7 of the Dungeon)

   [ring of loudness]

   It affects your dexterity (+3).
   It affects your accuracy and damage with ranged weapons and melee attacks
   (+3).
   It protects you from poison.
   It makes you less stealthy.
 B - the ring of Yhe Emo {Ice rPois Int+4 Stlth+}
   (You found it on level 7 of the Dungeon)

   [ring of ice]

   It enhances your ice magic.
   It affects your intelligence (+4).
   It makes you vulnerable to fire.
   It protects you from cold.
   It protects you from poison.
   It makes you more stealthy.
 G - the ring of Bupiluyx {Fire Dex+4}
   (You found it on level 7 of the Dungeon)

   [ring of fire]

   It enhances your fire magic.
   It affects your dexterity (+4).
   It protects you from fire.
   It makes you vulnerable to cold.
 T - an uncursed ring of positive energy
 U - an uncursed ring of flight
 W - a ring of resist corrosion (right hand)
 Z - an amulet of regeneration (around neck)
Wands
 k - a wand of acid (3/15)
 q - a wand of digging (9/24)
 y - a wand of flame (30/48)
 J - a wand of iceblast (8/15)
 L - a wand of lightning (9/15)
 Y - a wand of scattershot (6/9)
Scrolls
 f - 5 scrolls of blinking
 g - 13 scrolls of remove curse
 j - 6 scrolls of magic mapping
 n - a scroll of acquirement
 s - 5 scrolls of enchant armour
 t - 7 scrolls of recharging
 H - 4 scrolls of fear
 K - 11 scrolls of teleportation
 P - a scroll of identify
 Q - 5 scrolls of fog
 S - a scroll of enchant weapon
Potions
 b - a potion of ambrosia
 e - 6 potions of heal wounds
 l - 8 potions of might
 m - 9 potions of curing
 o - a potion of invisibility
 x - a potion of resistance
 D - 3 potions of agility
 E - 2 potions of haste
 I - 3 potions of brilliance
 O - 6 potions of lignification
 R - a potion of cancellation
Books
 F - a manual of Shields
Miscellaneous
 h - a box of beasts
 w - a lamp of fire
Comestibles
 c - 13 bread rations
 d - 30 royal jellies
 p - 14 fruits
 z - 10 meat rations


   Skills:
 * Level 13.0 Fighting
 * Level 11.8(14.0) Maces & Flails
 - Level 13.0(14.6) Staves
 * Level 9.3 Crossbows
 * Level 10.9 Armour
 - Level 1.7 Dodging
 - Level 12.0 Evocations


You had 15 spell levels left.
You didn't know any spells.

Dungeon Overview and Level Annotations

Branches:
Dungeon (15/15)            Temple (0/1) D:6            Lair (6/6) D:10
 Shoals (0/4) Lair:4        Snake (1/4) Lair:2        Slime (0/5) Lair:5
    Orc (2/2) D:11            Elf (0/3) Orc:2        Vaults (0/5) D:13
 Depths (0/5) D:15

Altars:
Dithmenos
Gozag
Hepliaklqana
Nemelex Xobeh
Okawaru
Ru
Uskayaw
Vehumet
Wu Jian
Xom
Yredelemnul
Zin
The Shining One
Beogh

Shops:
D:4 (   D:7 *   D:11 [   D:13 [   Orc:2 }[!![:[

Portals:
Pandemonium: Orc:2

Annotations:
D:6 Prince Ribbit
Snake:1 Nikola
Abyss:1 Gastronok


Innate Abilities, Weirdness & Mutations

You have hooves in place of feet.
You are mostly covered in yellow scales. (AC +3)
Your flesh is cold resistant. (rC+)
A demonic guardian rushes to your aid.


Message History

The lightning arc hits you!
The lightning arc hits the black mamba.
The black mamba dies!
The lightning arc hits Nikola.
The lightning arc hits you!
Your orange demon stings Nikola from afar.
Nikola looks as sick as possible!
Your orange demon poisons Nikola!
You finish taking off the +1 pair of gloves "Cutorhus" {-Cast rPois rF+ Str+2}.
Nikola casts a spell.
Nikola blinks!
Wear which item? (? for menu, Esc to quit)
Nikola gestures wildly while chanting.
You hear a mighty clap of thunder!
The lightning arc hits your orange demon.
Keep equipping yourself?
The lightning arc hits you!
The lightning arc hits your orange demon.
Your orange demon dies!
The lightning arc hits you!
* * * LOW HITPOINT WARNING * * *
The lightning arc hits Nikola.
The lightning arc hits you!
You die...

#... ##.#........#
#.>. #....##.##>....#
...###....##.####....)
........@.##.# ...##
.##...#....#.# .....
#........#.# ....#
##.......#.. ..#
#....#.###.
########@.#.#
.......†§.#.#
#######......#
#........ #....##.#
#.###.. .. ..# ... #
##% ...# . .#


You could see Nikola.

Vanquished Creatures
  A dire elephant (Lair:6)
  A minotaur (Lab)
  7 hydras
  Harold (Lair:2)
  An anaconda (Snake:1)
  A catoblepas (D:15)
  Erica (D:9)
  6 two-headed ogres
  6 centaur warriors
  An ogre mage (D:15)
  2 tengu warriors (D:13)
  6 orc high priests (Orc:2)
  3 soul eaters (Orc:2)
  Urug (Lair:5)
  5 skeletal warriors (D:13)
  A sun demon (Orc:2)
  A sea snake (Lair:6)
  An unseen horror (D:13)
  2 harpies (D:13)
  An infernal demonspawn (Orc:2)
  A torturous demonspawn (Orc:2)
  5 orc knights
  2 mana vipers (Snake:1)
  Pikel (D:9)
  5 orc sorcerers
  4 ugly things
  An orb spider (shapeshifter) (D:13)
  3 oklob plants
  3 cyclopes
  5 elephants (Lair:6)
  Maurice (Orc:2)
  8 black mambas
  A merfolk siren (Lair:4)
  5 gargoyles
  17 spiny frogs
  Psyche (D:9)
  11 komodo dragons
  An orange demon (Orc:2)
  2 kobold demonologists
  4 rime drakes
  5 trolls
  3 merfolk (Lair:4)
  2 tengu conjurers
  A queen bee (D:11)
  A hellwing (Orc:2)
  2 polar bears
  3 meliai (D:14)
  4 slime creatures (D:14)
  A wind drake (Lair:6)
  Grinder (D:6)
  14 blink frogs
  A hornet (Lair:6)
  4 dream sheep (Lair:6)
  16 hippogriffs
  A redback (shapeshifter) (D:15)
  A vampire (D:13)
  2 wraiths
  2 redbacks (Lab)
  27 yaks
  9 wyverns
  Sigmund (D:6)
  A human (D:7)
  2 shadows
  3 hogs (D:7)
  A water elemental (D:14)
  4 basilisks
  A hungry ghost (D:11)
  2 steam dragons
  4 nagas
  6 vampire mosquitoes
  2 wargs (Orc:1)
  3 soldier ants
  An acid dragon (D:15)
  The ghost of JackS81 the Stinger, an amateur DEVM (D:4)
  A porcupine (Lair:3)
  27 water moccasins
  A porcupine (shapeshifter) (D:7)
  38 orc warriors
  A slave (D:9)
  A swamp drake (Lair:4)
  Purgy (Sewer)
  2 eyes of draining
  3 ice beasts
  A sky beast (D:11)
  2 black bears
  A boggart (D:9)
  A hornet zombie (D:14)
  A necrophage (D:8)
  11 ogres
  3 phantoms
  15 centaurs
  7 wolves
  19 crocodiles
  A big kobold (D:7)
  18 bullfrogs
  A water moccasin skeleton (D:6)
  A water moccasin zombie (Ossuary)
  5 scorpions
  23 killer bees (D:11)
  5 wights (D:10)
  4 electric eels
  3 howler monkeys (D:7)
  7 crimson imps
  2 lava snakes (Lair:6)
  5 centaur zombies
  7 hounds
  A quasit (D:10)
  Crazy Yiuf (D:6)
  2 bullfrog zombies
  4 jellies
  31 orc priests
  27 orc wizards
  2 bullfrog skeletons
  5 centaur skeletons
  5 iguanas
  Natasha (twice) (D:2)
  12 worker ants
  A killer bee zombie (D:10)
  4 big kobold zombies (Ossuary)
  2 hound skeletons
  2 mummies (Ossuary)
  Robin (D:4)
  A howler monkey zombie (D:10)
  3 worker ant zombies
  5 gnolls
  A howler monkey skeleton (D:5)
  2 river rats (D:6)
  27 adders
  2 shadow imps (D:13)
  5 adder zombies
  3 adder skeletons
  7 worms
  2 dart slugs
  5 leopard geckos
  77 orcs
  3 ball pythons
  9 giant cockroaches
  3 gnoll zombies (Ossuary)
  10 goblins
  9 hobgoblins
  8 jackals
  7 kobolds
  11 quokkas
  10 bats
  9 frilled lizards
  5 hobgoblin zombies (Ossuary)
  6 kobold zombies (Ossuary)
  A leopard gecko skeleton (D:4)
  2 orc zombies (Ossuary)
  A quokka skeleton (D:5)
  A quokka zombie (D:6)
  10 rats
  4 fungi
  4 plants
835 creatures vanquished.

Vanquished Creatures (collateral kills)
  Aizul (Snake:1)
  An orc warlord (Orc:1)
  Erolcha (D:9)
  3 hydras (Lair:6)
  A merfolk avatar (Lair:6)
  A two-headed ogre (D:15)
  An orc high priest (Orc:2)
  A wizard (D:13)
  A torturous demonspawn (Orc:2)
  A naga ritualist (Snake:1)
  2 orc sorcerers
  2 harpies (D:13)
  2 oklob plants (Lair:2)
  An orc knight (D:13)
  A mana viper (Snake:1)
  A manticore (Lair:6)
  2 elephants (Lair:6)
  A naga mage (Snake:1)
  4 spiny frogs
  A komodo dragon (Lair:3)
  A hornet (Lair:6)
  3 dream sheep (Lair:6)
  A hippogriff (Lair:2)
  A water elemental (D:14)
  A yak (Lair:2)
  A porcupine (Lair:3)
  3 water moccasins
  4 orc warriors
  A phantom (D:5)
  A centaur (D:15)
  A crocodile (Lair:2)
  A bullfrog (Lair:3)
  A water moccasin skeleton (D:6)
  2 vampire bats (Lair:3)
  A crimson imp (D:6)
  A bullfrog zombie (D:9)
  2 orc priests
  An orc wizard (D:4)
  Natasha (D:2)
  Terence (D:2)
  A gnoll (D:6)
  A leopard gecko (D:4)
  9 orcs
  7 bats (Lair:3)
  A giant cockroach (D:4)
  5 goblins (D:4)
  A hobgoblin (D:4)
  A frilled lizard (D:4)
84 creatures vanquished.

Vanquished Creatures (others)
  An oklob plant (Lair:5)
  A black mamba (Snake:1)
  A crimson imp (D:9)
  A bullfrog skeleton (D:9)
  10 fungi
  24 plants
38 creatures vanquished.

Grand Total: 957 creatures vanquished

Notes
Turn   | Place    | Note
-------+----------+-------------------------------------------
     0 | D:1      | JackS81 the Demonspawn Berserker began the quest for the Orb.
     0 | D:1      | Reached XP level 1. HP: 18/18 MP: 1/1
   420 | D:1      | Gained mutation: A weak demonic guardian rushes to your aid. [demonic ancestry]
   420 | D:1      | Reached XP level 2. HP: 24/24 MP: 2/2
  1070 | D:2      | Noticed Natasha
  1072 | D:2      | Noticed a crimson imp
  1076 | D:2      | Killed Natasha
  1076 | D:2      | Reached ** piety under Trog
  1076 | D:2      | Reached XP level 3. HP: 29/29 MP: 3/3
  1177 | D:2      | Noticed Natasha
  1186 | D:2      | Killed Natasha
  1186 | D:2      | Gained mutation: Your flesh is cold resistant. (rC+) [demonic ancestry]
  1186 | D:2      | Reached XP level 4. HP: 17/35 MP: 4/4
  1648 | D:2      | Noticed Terence
  1657 | D:2      | Killed Terence
  1848 | D:2      | Noticed Natasha
  1853 | D:2      | Killed Natasha
  1853 | D:2      | Reached skill level 5 in Maces & Flails
  2118 | D:2      | Reached XP level 5. HP: 23/41 MP: 5/5
  2369 | D:3      | Found a hazy altar of Hepliaklqana.
  2518 | D:3      | Reached skill level 1 in Evocations
  3058 | D:4      | Noticed Robin
  3058 | D:4      | Noticed JackS81's ghost (amateur DEVM)
  3074 | D:4      | Killed JackS81's ghost
  3074 | D:4      | Gained mutation: You have large cloven feet. [demonic ancestry]
  3074 | D:4      | Reached XP level 6. HP: 47/47 MP: 6/6
  3080 | D:4      | Reached *** piety under Trog
  3084 | D:4      | Killed Robin
  3336 | D:4      | Found Vot Woalet's Antique Weapon Emporium.
  3507 | D:4      | Reached XP level 7. HP: 52/52 MP: 8/8
  3598 | D:5      | Entered Level 5 of the Dungeon
  3598 | D:5      | Noticed a wyvern
  3607 | D:5      | Killed a wyvern
  3675 | D:5      | Found an opulent altar of Gozag.
  3899 | D:5      | Found a radiant altar of Vehumet.
  4109 | D:5      | Got a bronze ring mail
  4120 | D:5      | Identified the +2 ring mail "Liuvuc" {rPois rN+ MR+ MP-9} (You found it on level 5 of the Dungeon)
  4711 | D:5      | Found a glowing golden altar of the Shining One.
  4711 | D:5      | Found an ornate altar of the Wu Jian Council.
  4711 | D:5      | Found a basalt altar of Yredelemnul.
  4711 | D:5      | Found a hide-covered altar of Uskayaw.
  4714 | D:5      | Found an iron altar of Okawaru.
  4715 | D:5      | Found a radiant altar of Vehumet.
  4754 | D:6      | Reached XP level 8. HP: 58/58 MP: 1/10
  4904 | D:6      | Reached **** piety under Trog
  4909 | D:6      | Found a staircase to the Ecumenical Temple.
  5075 | D:6      | Found a glowing drain.
  5080 | Sewer    | Entered a sewer
  5120 | Sewer    | Noticed Purgy
  5131 | Sewer    | Killed Purgy
  5318 | D:6      | Noticed Grinder
  5329 | D:6      | Reached skill level 5 in Armour
  5347 | D:6      | Killed Grinder
  5402 | D:6      | Noticed Prince Ribbit
  5402 | D:6      | Noticed Sigmund
  5423 | D:6      | Killed Sigmund
  5672 | D:6      | Gained mutation: You are partially covered in yellow scales. (AC +2) [demonic ancestry]
  5672 | D:6      | Reached XP level 9. HP: 39/63 MP: 2/11
  5974 | D:6      | Found a runed door.
  5978 | D:6      | Noticed Crazy Yiuf
  5983 | D:6      | Killed Crazy Yiuf
  6230 | D:7      | Reached skill level 1 in Staves
  6365 | D:7      | Found a glowing silver altar of Zin.
  6366 | D:7      | Found an opulent altar of Gozag.
  6455 | D:7      | Found Lotoer's Assorted Antiques.
  7001 | D:7      | Reached skill level 5 in Staves
  7008 | D:7      | Found a runed door.
  7146 | D:7      | Gained mutation: You have hoof-like feet. [demonic ancestry]
  7146 | D:7      | Reached XP level 10. HP: 71/71 MP: 4/13
  7289 | D:7      | Reached skill level 5 in Evocations
  7295 | D:7      | Got a heavily runed copper ring
  7311 | D:7      | Reached ***** piety under Trog
  7410 | D:7      | Got a translucent lapis lazuli ring
  7419 | D:7      | Got a twitching bone ring
  7426 | D:7      | Got a steaming wooden ring
  7429 | D:7      | Identified the ring "Qomp" {rPois Dex+3 Slay+3 Stlth-} (You took it off an orc on level 7 of the Dungeon)
  7430 | D:7      | Identified the ring of Angor {Int+3 Dex+3 Stlth-} (You found it on level 7 of the Dungeon)
  7431 | D:7      | Identified the ring of Yhe Emo {Ice rPois Int+4 Stlth+} (You found it on level 7 of the Dungeon)
  7432 | D:7      | Identified the ring of Bupiluyx {Fire Dex+4} (You found it on level 7 of the Dungeon)
  7596 | D:8      | Noticed a two-headed ogre
  7601 | D:8      | Killed a two-headed ogre
  7700 | D:8      | Found a sand-covered staircase.
  7705 | Ossuary  | Entered an ossuary
  7859 | Ossuary  | Reached XP level 11. HP: 81/81 MP: 5/16
  7860 | Ossuary  | Gained mutation: You are mostly covered in yellow scales. (AC +3) [demonic ancestry]
  7860 | Ossuary  | Reached XP level 12. HP: 88/88 MP: 5/19
  8014 | D:8      | Found a shimmering altar of Xom.
  8014 | D:8      | Found a shimmering altar of Xom.
  8015 | D:8      | Found a shimmering altar of Xom.
  8015 | D:8      | Found a shimmering altar of Xom.
  8016 | D:8      | Found a shimmering altar of Xom.
  8016 | D:8      | Found a shimmering altar of Xom.
  8213 | D:8      | Noticed a two-headed ogre
  8222 | D:8      | Killed a two-headed ogre
  8222 | D:8      | Reached skill level 10 in Staves
  8458 | D:8      | Received a gift from Trog
  8770 | D:9      | Noticed Erolcha
  8773 | D:9      | Killed Erolcha
  8873 | D:9      | Noticed a two-headed ogre
  8882 | D:9      | Killed a two-headed ogre
  8918 | D:9      | Noticed Erica
  8929 | D:9      | Killed Erica
  8929 | D:9      | Reached skill level 10 in Evocations
  8934 | D:9      | Found a sparkling altar of Nemelex Xobeh.
  9056 | D:9      | Noticed Pikel
  9066 | D:9      | Killed Pikel
  9066 | D:9      | Gained mutation: You have hooves in place of feet. [demonic ancestry]
  9066 | D:9      | Reached XP level 13. HP: 78/95 MP: 11/20
  9340 | D:9      | Noticed Psyche
  9346 | D:9      | Killed Psyche
  9721 | D:10     | Entered Level 10 of the Dungeon
  9770 | D:10     | Found a staircase to the Lair.
 10466 | D:10     | Received a gift from Trog
 10496 | Lair:1   | Entered Level 1 of the Lair of Beasts
 10976 | Lair:1   | Noticed Gastronok
 10982 | Lair:1   | Banished Gastronok
 11473 | Lair:2   | Noticed Harold
 11486 | Lair:2   | Killed Harold
 11877 | Lair:2   | Found a staircase to the Snake Pit.
 12040 | Lair:2   | Got a pair of spiked gloves
 12041 | Lair:2   | Identified the +1 pair of gloves of the Tundras {rElec rC+ Str-3 Int+5} (You found it on level 2 of the Lair of Beasts)
 12417 | Lair:3   | Identified a scroll of acquirement
 13345 | Lair:4   | Found a staircase to the Shoals.
 13378 | Lair:4   | Reached XP level 14. HP: 46/106 MP: 12/21
 13819 | Lair:4   | Received a gift from Trog
 15215 | Lair:5   | Noticed Urug
 15229 | Lair:5   | Killed Urug
 15406 | Lair:5   | Reached skill level 10 in Fighting
 15737 | Lair:5   | Found a staircase to the Slime Pits.
 15827 | Lair:6   | Entered Level 6 of the Lair of Beasts
 15951 | Lair:6   | Paralysed by a hornet for 1 turns
 16160 | Lair:6   | Reached skill level 10 in Armour
 16438 | Lair:6   | Reached skill level 5 in Crossbows
 16515 | Lair:6   | Received a gift from Trog
 17869 | D:11     | Gained mutation: A demonic guardian rushes to your aid. [demonic ancestry]
 17869 | D:11     | Reached XP level 15. HP: 116/119 MP: 14/23
 17907 | D:11     | Received a gift from Trog
 18364 | D:11     | Found a staircase to the Orcish Mines.
 18367 | D:11     | Found Haler's Armour Boutique.
 18375 | D:11     | Bought the +1 pair of gloves "Cutorhus" {-Cast rPois rF+ Str+2} for 323 gold pieces
 19619 | D:13     | Found a shadowy altar of Dithmenos.
 19964 | D:13     | Reached skill level 10 in Maces & Flails
 20067 | D:13     | Found a gate to the Vaults.
 20155 | D:13     | Found Ymiricua's Armour Boutique.
 20177 | D:13     | Received a gift from Trog
 20577 | D:14     | Found a sacrificial altar of Ru.
 20621 | D:14     | Received a gift from Trog
 20905 | D:14     | Received a gift from Trog
 21325 | D:15     | Entered Level 15 of the Dungeon
 21751 | D:15     | Found a staircase to the Depths.
 22119 | Orc:1    | Entered Level 1 of the Orcish Mines
 22193 | Orc:1    | Found a roughly hewn altar of Beogh.
 22436 | Orc:1    | Noticed an orc warlord
 22451 | Orc:1    | Killed an orc warlord
 22456 | Orc:1    | Received a gift from Trog
 22775 | Orc:2    | Entered Level 2 of the Orcish Mines
 22797 | Orc:2    | Noticed Maurice
 22801 | Orc:2    | Killed Maurice
 22938 | Orc:2    | Reached XP level 16. HP: 59/129 MP: 5/24
 23014 | Orc:2    | Found Guurgh's Distillery.
 23017 | Orc:2    | Found Juaxug's Distillery.
 23191 | Orc:2    | Found a staircase to the Elven Halls.
 23222 | Orc:2    | Found Ynil's Gadget Boutique.
 23226 | Orc:2    | Found Hitib's Antique Armour Emporium.
 23229 | Orc:2    | Found a labyrinth entrance.
 23244 | Orc:2    | Bought a faintly humming chain mail for 237 gold pieces
 23244 | Orc:2    | Identified the +2 chain mail "Voym" {rElec} (You bought it in a shop on level 2 of the Orcish Mines)
 23253 | Lab      | Entered a labyrinth
 24299 | Lab      | Got an ancient leather armour
 24310 | Lab      | Identified the +1 leather armour of Kikubaaqudgha's Anger {MR+ SInv} (You took it off a minotaur in a labyrinth)
 24328 | Lab      | Found the +2 robe of Vines {NoPotionHeal Regen+7}
 24332 | Lab      | Identified the Reference Book on Damaging Curses
 24363 | Lab      | Received a gift from Trog
 24477 | Orc:2    | Found Mademu's Antique Armour Emporium.
 24715 | Orc:2    | Received a gift from Trog
 24912 | Orc:2    | Found Dyga's Antique Armour Shop.
 24912 | Orc:2    | Found Etsual's Book Boutique.
 24913 | Orc:2    | Found a one-way gate leading to the halls of Pandemonium.
 24917 | Orc:2    | Bought a faintly humming chain mail for 256 gold pieces
 24928 | Orc:2    | Identified the +5 chain mail of Dim Light {+Blink rPois rC- Str+3 Dex+3} (You bought it in a shop on level 2 of the Orcish Mines)
 24940 | Orc:2    | Bought a steaming ring mail for 243 gold pieces
 24951 | Orc:2    | Identified the +4 ring mail "Keulo" {rN+} (You bought it in a shop on level 2 of the Orcish Mines)
 25276 | Snake:1  | Entered Level 1 of the Snake Pit
 25350 | Snake:1  | Noticed Aizul
 25361 | Snake:1  | Killed Aizul
 25577 | Snake:1  | Noticed Nikola
 25584 | Snake:1  | Killed from afar by Nikola

Vault maps used:
D:1:      saegor_arrival_simple_a
D:2:      uniq_terence, uniq_natasha
D:3:      old_standard_altar, small_statue_intersection
D:4:      serial_shops, shop, uniq_robin
D:5:      minitemple, basic_altar, first_bread, grunt_gozag_statues
D:6:      minmay_temple_entry_water_ring, lightli_sewer_entry_pipes,
          serial_glass, glass_columns_a, glass_columns_c,
          uniq_crazy_yiuf_cottage, uniq_grinder, uniq_prince_ribbit1,
          uniq_sigmund
D:7:      minmay_the_grid_triangle_9x9_rhombus_full,
          grunt_temple_overflow_gold_and_silver, grunt_livestock,
          minmay_misc_feat_rows, grunt_ministairs_15, kennysheep_windowed_goal
D:8:      xom_shifter_show, nicolae_ossuary_entry_false_entrances,
          minmay_crystal_water
D:9:      old_standard_altar, fungi_pond_lemuel, minmay_misc_feat_enclosed,
          uniq_psyche, uniq_erolcha, uniq_pikel, uniq_erica
D:10:     david_lair_shrubbed, kennysheep_boxes
D:11:     orc_david_3
D:12:     hangedman_abyss_or_decor_passed
D:13:     david_vaults_4, serial_shops, nicolae_shop_crystal,
          grunt_dithmenos_shadows
D:14:     basic_altar, minmay_misc_feat_pillars
D:15:     hangedman_depths_entry_civil_slaughter, roderic_roman_lattice
Lair:1:   infiniplex_staircase_pool_2, serial_bayou_shore_a, uniq_gastronok
Lair:2:   minmay_snake_entry_guardpost_small, beast_lair_carwin_9,
          minmay_lair_oklob_chamber, uniq_harold
Lair:3:   roderic_batcave, grunt_megastairs_5
Lair:4:   lemuel_reptile_caves, elwin_shoals_entry_stream
Lair:5:   minmay_slime_entry_oklob_open, lemuel_fruit_fields, uniq_urug
Lair:6:   gammafunk_lair_ancient_temple, disabler_island
Snake:1:  minmay_shop_grove, uniq_nikola, uniq_aizul
Orc:1:    basic_altar
Orc:2:    pf_orc_diabolical, lab_entry_generic, serial_shops, shop_fountains,
          shop_fountains, shop_coins, uniq_maurice
Lab:      labyrinth_spiral, nicolae_lab_statue, labyrinth_lava_lair,
          nicolae_lab_stuck, nicolae_lab_grate_2, nicolae_lab_big_swirl
Sewer:    kennysheep_door_sewer
Ossuary:  ossuary_tomb_2

Skill      XL: |  1  2  3  4  5  6  7  8  9 10 11 12 13 14 15 16 |
---------------+-------------------------------------------------+-----
Maces & Flails | 3 4 5 6 7 9 11 | 11.8
Armour         | 2 3 4 5 6 8 9 10 | 10.9
Evocations     | 1 2 3 4 6 9 10 11 12 | 12.0
Staves         | 5 8 9 10 12 13 | 13.0
Fighting       | 6 8 11 12 13 | 13.0
Crossbows      | 2 6 8 9 |  9.3
Dodging        | |  1.7

Action                   |  1- 3 |  4- 6 |  7- 9 | 10-12 | 13-15 | 16-18 || total
-------------------------+-------+-------+-------+-------+-------+-------++-------
Melee: Mace              |    79 |   232 |   273 |       |       |       ||   584
       Kick              |       |    14 |   102 |    74 |   407 |    44 ||   641
       Quarterstaff      |       |       |   116 |   203 |   811 |       ||  1130
       Great mace        |       |       |       |       |   311 |    93 ||   404
 Fire: Hand crossbow     |       |    14 |       |       |       |       ||    14
       Arbalest          |       |       |       |       |   300 |   113 ||   413
Throw: Stone             |     4 |       |       |       |       |       ||     4
Invok: Berserk           |     2 |     5 |     7 |     4 |     9 |     1 ||    28
       Trog's Hand       |       |     3 |     3 |     5 |    17 |     2 ||    30
       Brothers in Arms  |       |       |       |     1 |     5 |       ||     6
       Burn Spellbooks   |       |       |       |       |     6 |     1 ||     7
Evoke: Wand              |       |       |       |       |     8 |     2 ||    10
  Use: Scroll            |       |       |    17 |     9 |    22 |     3 ||    51
       Potion            |       |       |    10 |     2 |     1 |     2 ||    15
 Stab: Distracted        |       |       |     2 |       |     4 |     1 ||     7
       Confused          |       |       |       |       |     3 |       ||     3
       Petrifying        |       |       |       |       |     2 |       ||     2
       Petrified         |       |       |       |       |     1 |       ||     1
  Eat: Chunk             |     2 |    13 |    21 |    12 |    39 |     1 ||    88
       Fruit             |       |       |       |       |     9 |     2 ||    11
       Bread ration      |       |       |       |       |     4 |     1 ||     5
       Meat ration       |       |       |       |       |       |     1 ||     1
Armor: Animal skin       |     6 |       |       |       |       |       ||     6
       Ring mail         |     3 |   122 |   156 |    53 |   556 |    35 ||   925
Dodge: Dodged            |    51 |   170 |   195 |    79 |   579 |    55 ||  1129
       Deflected         |       |       |       |     6 |    39 |    12 ||    57

Table legend:
 A = Spawn XP
 B = Non-spawn XP
 C = Spawn XP percentage of total XP
 D = Spawn monster count
 E = Non-spawn monster count
 F = Spawn count percentage of total count
 G = Total turns spent on level
                    A         B        C        D         E        F      G
               +---------+---------+-------+---------+---------+-------+---------
         Total |       0 |  156265 |   0.0 |       0 |     913 |   0.0 | 25584
               +---------+---------+-------+---------+---------+-------+---------
           D:1 |       0 |      23 |   0.0 |       0 |      14 |   0.0 |   712
           D:2 |       0 |     178 |   0.0 |       0 |      22 |   0.0 |  1681
           D:3 |       0 |      79 |   0.0 |       0 |      28 |   0.0 |   809
           D:4 |       0 |     480 |   0.0 |       0 |      34 |   0.0 |   562
           D:5 |       0 |     492 |   0.0 |       0 |      18 |   0.0 |  1161
           D:6 |       0 |    1593 |   0.0 |       0 |      49 |   0.0 |  1217
           D:7 |       0 |    4642 |   0.0 |       0 |      61 |   0.0 |  1525
           D:8 |       0 |    3968 |   0.0 |       0 |      21 |   0.0 |  1049
           D:9 |       0 |    4805 |   0.0 |       0 |      29 |   0.0 |   969
          D:10 |       0 |    2677 |   0.0 |       0 |      37 |   0.0 |   871
          D:11 |       0 |    9438 |   0.0 |       0 |      66 |   0.0 |   879
          D:12 |       0 |    4332 |   0.0 |       0 |      24 |   0.0 |  1028
          D:13 |       0 |   16521 |   0.0 |       0 |      42 |   0.0 |   951
          D:14 |       0 |    8246 |   0.0 |       0 |      47 |   0.0 |  1031
          D:15 |       0 |    9319 |   0.0 |       0 |      22 |   0.0 |   673
        Lair:1 |       0 |    3457 |   0.0 |       0 |       9 |   0.0 |   875
        Lair:2 |       0 |    8679 |   0.0 |       0 |      35 |   0.0 |  1146
        Lair:3 |       0 |    8002 |   0.0 |       0 |      38 |   0.0 |   846
        Lair:4 |       0 |    7102 |   0.0 |       0 |      51 |   0.0 |  1713
        Lair:5 |       0 |    7138 |   0.0 |       0 |      29 |   0.0 |   944
        Lair:6 |       0 |   20766 |   0.0 |       0 |      62 |   0.0 |  1254
       Snake:1 |       0 |    6147 |   0.0 |       0 |      12 |   0.0 |   308
         Orc:1 |       0 |    5733 |   0.0 |       0 |      51 |   0.0 |   664
         Orc:2 |       0 |   18859 |   0.0 |       0 |      72 |   0.0 |  1283
           Lab |       0 |    3213 |   0.0 |       0 |       7 |   0.0 |  1121
         Sewer |       0 |     118 |   0.0 |       0 |       6 |   0.0 |   149
       Ossuary |       0 |     258 |   0.0 |       0 |      27 |   0.0 |   163
               +---------+---------+-------+---------+---------+-------+---------
